tourhack, neutral male human Tourist --- |<..-- |.....- -..|... -.|-..... ..| ........ .@| --.|.... --G-. -----.. -...... ------ |..| ....... |%%%%| --.... ...{... ....| |..... -...... -|- ----.. ---- --G...--- ---- -.---...-|.. |.. -...| ..|...|....|------ |..|-.........|..--|. -....|........- ...-|.(((| |..%........%......-.---.-----..--..........--....|-...-..((| ----.....{....----...............|...`.......|-...|...-|.(((| ...........-- --+--.---------.........--..|........|------ -.........| |.|.(((| --.......------ |.. -..------- |.-.(((| ---...--- --- --|.((]| ----- tourhack the Excursionist Experience level: 6 Strength: 11 Dexterity: 12 Constitution: 16 Intelligence: 11 Wisdom: 11 Charisma: 16 Health: 0(40) Energy: 34(34) Def: 10 Gold: 0 Moves: 2795 Dungeon seed: oi1AoE6bgA8uLnUN Game ID: tourhack_1440781058 Your Inventory: Weapons a - 23 uncursed +2 darts (in quiver) Armor e - a blessed +0 Hawaiian shirt (being worn) O - an uncursed +0 dwarvish mithril-coat (being worn) P - an uncursed +0 dwarvish iron helm (being worn) Q - an uncursed +0 dwarvish cloak (being worn) S - an uncursed +0 pair of iron shoes (being worn) Wands r - an uncursed wand of sleep (0:6) L - an uncursed wand of magic missile (0:4) Tools k - an uncursed credit card p - an uncursed magic marker (0:89) B - an uncursed bag of holding D - an uncursed skeleton key Contents of the bag of holding: 762 gold pieces 3 blessed +0 arrows 7 uncursed +0 arrows 5 cursed -1 arrows an uncursed +0 bow named noncursed 13 uncursed +0 daggers an uncursed +0 elven dagger an uncursed +0 dwarvish cloak an uncursed +0 dwarvish cloak an uncursed +0 dwarvish cloak an uncursed +0 dwarvish cloak an uncursed +0 dwarvish cloak an uncursed +0 dwarvish cloak an uncursed +0 dwarvish cloak a cursed +0 dwarvish cloak an uncursed +0 dwarvish iron helm a blessed +0 pair of iron shoes an uncursed +0 pair of iron shoes an uncursed +0 pair of iron shoes an uncursed +0 pair of iron shoes an uncursed carrot an uncursed cream pie 4 uncursed food rations an uncursed pear 4 uncursed tripe rations an uncursed scroll of enchant armor 2 blessed scrolls of magic mapping 2 uncursed scrolls of magic mapping a cursed scroll of teleportation a cursed potion of blindness a blessed potion of extra healing an uncursed potion of extra healing an uncursed potion of fruit juice an uncursed potion of paralysis an uncursed potion of restore ability a potion of unholy water an uncursed potion of water an uncursed expensive camera (0:92) an uncursed leash an uncursed +0 pick-axe an uncursed +0 pick-axe 2 uncursed tallow candles (0:200) 2 uncursed wax candles (0:400) an uncursed touchstone 2 uncursed worthless pieces of yellow glass Spells and supernatural/magical abilities: Name Level Category Fail Memory W - pray for help -- divine ? -- Your skills at the end: Fighting Skills Weapon Skills dart [Basic] Spellcasting Skills Final Attributes: You were piously aligned. You were lucky. You are dead. Vanquished creatures: 2 gnome kings a housecat a yellow light 4 gnome lords a gray ooze a floating eye 8 dwarves a kobold shaman 2 coyotes 3 hobbits 2 manes a large kobold 3 giant rats a brown mold 20 gnomes a gecko 5 jackals 2 kobolds a sewer rat 4 grid bugs 3 lichens 2 kobold zombies 2 newts 71 creatures vanquished. Voluntary challenges: You had been an atheist until turn 2655. You never hit with a wielded weapon. You read items or engraved 303 times, starting on turn 116. You never genocided any monsters. You never polymorphed an object. You never changed form. You used no wishes. You never split a pudding. You wrote Elbereth's name 280 times, starting on turn 116. You never violated your personal moral code. Dungeon overview: The Dungeons of Doom: levels 1 to 3 Level 1 a long staircase Level 2 a delicatessen, some fountains Level 3 a fountain stairs to The Gnomish Mines The Gnomish Mines: levels 4 to 6 Level 4 stairs to The Dungeons of Doom Level 5 Level 6 <- You were here some shops, some fountains History has recorded: On T:1 you entered the Dungeons of Doom to retrieve the Amulet of Yendor! On T:87 you reached level 2 of The Dungeons of Doom. On T:265 you reached level 3 of The Dungeons of Doom. On T:727 you reached level 1 of The Gnomish Mines. On T:913 you advanced to experience level 2. On T:1052 you advanced to experience level 3. On T:1248 you reached level 2 of The Gnomish Mines. On T:1266 you advanced to experience level 4. On T:1704 you advanced to experience level 5. On T:2272 you reached level 3 of The Gnomish Mines. On T:2485 you advanced to experience level 6. Score breakdown: Gold: 55 ( 5946 points) Experience: 6 levels (12456 points) Exploration: 6 levels ( 12.77%) ( 9890 points) Discoveries: 3 items ( 1.01%) ( 3010 points) Valuables value: (no points given unless you survive) Artifact value: 0 ( 0 points) Variety of kills: 23 monsters ( 6.04%) ( 7370 points) Turncount: 2795 turns ( -495 points) Survival: died (score multiplied by 80%) Total score: 30541 Latest messages: You put a leash into the bag. You put a candle into the bag. You put a stone called touchstone into the bag. You put 2 yellow gems into the bag. Your movements are now unencumbered. You put 2 uncursed scrolls of magic mapping into the bag. You put 2 blessed scrolls of magic mapping into the bag. You put a scroll labeled DUAM XNAHT into the bag. You put a scroll labeled HACKEM MUCHE into the bag. You put an uncursed potion of extra healing into the bag. You put a blessed potion of extra healing into the bag. You put a clear potion into the bag. (2x) You put a black potion into the bag. You put a brilliant blue potion into the bag. You put a white potion into the bag. You put a sky blue potion into the bag. You write in the dust with your fingers. The gnome king thrusts his dagger. The gnome king hits! You die... Final status: Aloha tourhack the Tourist, killed by a gnome king... You died in The Gnomish Mines on dungeon level 6 with 30541 points, and 762 pieces of gold, after 2795 moves. You were level 6 with a maximum of 40 hit points when you died.